 Dungeon Crawl Stone Soup version 0.29-a0-2-g12fcac58f8 (webtiles) character file.

Game seed: 2017257594297251447

51 HallandMoats the Skirmisher (level 3, -4/33 HPs)
             Began as a Ghoul Monk on Jan 27, 2022.
             Slain by a gnoll (13 damage)
             ... on level 2 of the Dungeon.
             The game lasted 00:01:08 (1229 turns).

HallandMoats the Skirmisher (Ghoul Monk)            Turns: 1229, Time: 00:01:09

Health: -4/33      AC:  6    Str: 14    XL:     3   Next: 83%
Magic:  2/2        EV:  9    Int:  7    God:
Gold:   32         SH:  0    Dex: 11    Spells: 2/2 levels left

rFire   . . .      SeeInvis .     - Unarmed
rCold   + . .      Faith    .   (no shield)
rNeg    + + +      Spirit   .   c - +0 scale mail
rPois   ∞          Reflect  .   (no helmet)
rElec   .          Harm     .   (no cloak)
rCorr   .          Rampage  .   (no gloves)
Will    .....                   (no boots)
Stlth   ..........              (no amulet)
HPRegen 0.00/turn               (no ring)
MPRegen 0.08/turn               (no ring)

@: inhibited regen
A: claws 1, cold resistance 1, negative energy resistance 3, inhibited
regeneration, torment resistance 2
a: no special abilities


You were on level 2 of the Dungeon.
You visited 1 branch of the dungeon, and saw 2 of its levels.

You collected 32 gold pieces.

Inventory:

Armour
 b - a +2 pair of gloves
 c - a +0 scale mail (worn)
Scrolls
 a - 2 scrolls of teleportation {unknown}
 d - a scroll of enchant weapon {unknown}
 e - a scroll of blinking {unknown}
Potions
 f - a potion of flight {unknown}


   Skills:
 * Level 4.0 Fighting
 + Level 0.8 Armour
 + Level 3.0 Dodging
 - Level 2.1 Stealth
 * Level 3.8 Unarmed Combat
 + Level 0.8 Invocations


You had 2 spell levels left.
You didn't know any spells.
Your spell library was empty.

Dungeon Overview and Level Annotations

Branches:
Dungeon (2/15)

Altars:


Innate Abilities, Weirdness & Mutations

You thrive by killing the living.
You are immune to poison.
You have sharp fingernails.
Your flesh is cold resistant. (rC+)
You are immune to negative energy. (rN+++)
You do not regenerate when monsters are visible.
You are immune to unholy pain and torment.


Message History

No target in view!
No target in view!
No target in view!
No target in view!
No target in view!
No target in view!
No target in view!
No target in view!
No target in view!
You see here an adder corpse.
You see here an adder corpse.
You see here a +0 dagger.
f - a purple potion
Found a stone staircase leading up.
There is a stone staircase leading up here.
You see here a ring of poison resistance.
A gnoll comes into view. It is wielding a +0 flail.
The gnoll shouts!
You hear a shout!
A gnoll is nearby!
A gnoll is nearby!
A gnoll comes into view. It is wielding a +0 halberd.
The gnoll shouts!
You hear a shout!
A gnoll comes into view. It is wielding a +0 halberd.
The gnoll shouts!
A hobgoblin comes into view.
An endoplasm comes into view.
The endoplasm quivers.
You scratch the gnoll.
The gnoll is heavily wounded.
A gnoll comes into view. It is wielding a +0 club.
The gnoll closely misses you. The gnoll misses you.
The gnoll shouts!
You scratch the gnoll.
You kill the gnoll!
The gnoll hits you from afar with a +0 halberd!
Your Fighting skill increases to level 4!
The gnoll barely misses you. The gnoll hits you with a +0 halberd!
You barely miss the gnoll. The gnoll hits you with a +0 halberd!
* * * LOW HITPOINT WARNING * * *
The gnoll hits you with a +0 halberd!
You die...

...###. #..... .......
#..#........... .......
##..............
...##..##...#...........
............#...........
.#######...#............
##......................
##.............).g......
................@gJ.#
..>.........#..$.gg...#
....#......#####.####..#
#......)#..# #.# #
#.....#...## #.#
......#.### #.#
..#......# ...
..#.)....# ...
.##......#


You could see 3 gnolls, an endoplasm and a hobgoblin.

Vanquished Creatures
  An adder (D:2)
  A gnoll (D:2)
  A dart slug (D:1)
  A ball python (D:1)
  3 bats
  An endoplasm (D:1)
  A giant cockroach (D:1)
  3 hobgoblins (D:1)
  4 jackals (D:1)
  5 kobolds (D:1)
  2 quokkas
  2 frilled lizards (D:1)
  2 goblins (D:1)
  2 rats (D:1)
29 creatures vanquished.

Notes
Turn   | Place    | Note
-------+----------+-------------------------------------------
     0 | D:1      | HallandMoats the Ghoul Monk began the quest for the Orb.
     0 | D:1      | Reached XP level 1. HP: 19/19 MP: 0/0
   283 | D:1      | Reached XP level 2. HP: 26/26 MP: 1/1
   852 | D:1      | Reached XP level 3. HP: 32/33 MP: 2/2
  1228 | D:2      | Reached skill level 4 in Fighting
  1229 | D:2      | Slain by a gnoll

Illustrated notes

Levels and vault maps discovered:
D:1:      lemuel_arrival_cross, layout_basic
D:2:      layout_rooms

Skill      XL: |  1  2  3 |
---------------+----------+-----
Dodging        | 3 |  3.0
Fighting       | 4 |  4.0
Armour         | |  0.8
Stealth        | |  2.1
Unarmed Combat | |  3.8
Invocations    | |  0.8

Action                   || total
-------------------------++-------
Melee: Unarmed           ||   105
       Punch             ||     4
 Stab: Sleeping          ||     1
Armor: Robe              ||    12
       Scale mail        ||    16
Dodge: Dodged            ||    72

Table legend: (Time is in decaauts)
 A = Elapsed time spent in this place.
 B = Non-inter-level travel time spent in this place.
 C = Inter-level travel time spent in this place.
 D = Time resting spent in this place.
 E = Time spent auto-exploring this place.
 F = Levels seen in this place.
 G = Mean time per level.
                   A        B        C        D        E       F      G
               +--------+--------+--------+--------+--------+-----+--------+
         Total |   1221 |   1214 |      7 |      0 |   1002 |   2 |  610.5 |
       Dungeon |   1221 |   1214 |      7 |      0 |   1002 |   2 |  610.5 |
               +--------+--------+--------+--------+--------+-----+--------+

Top non-repeatable levels by time:
     D:1: 1050 daAuts
     D:2: 171 daAuts
